 Dungeon Crawl Stone Soup version 0.29.0-15-g675c0067aa (webtiles) character file.

Game seed: 6056608271526399368

23 qw the Shield-Bearer (level 2, -3/19 HPs)
             Began as a Gargoyle Fighter on Sept 12, 2022.
             Killed from afar by an orc wizard (11 damage)
             ... with a puff of flame
             ... on level 2 of the Dungeon.
             The game lasted 00:00:17 (742 turns).

qw the Shield-Bearer (Gargoyle Fighter)              Turns: 742, Time: 00:00:18

Health: -3/19      AC: 14    Str: 19    XL:     2   Next: 95%
Magic:  2/2        EV:  5    Int:  8    God:
Gold:   48         SH:  0    Dex:  9    Spells: 1/1 levels left

rFire   . . .      SeeInvis .   Y - +0 war axe
rCold   . . .      Faith    .   c - +0 buckler
rNeg    + . .      Spirit   .   i - +0 plate armour
rPois   inf        Reflect  .   (no helmet)
rElec   +          Harm     .   (no cloak)
rCorr   .          Rampage  .   (no gloves)
Will    .....                   (no boots)
Stlth   ..........              (no amulet)
HPRegen 0.06/turn               (no ring)
MPRegen 0.08/turn               (no ring)

@: confused
A: sickness immunity, AC +2, negative energy resistance 1, electricity
resistance, torment resistance 1, petrification resistance
a: no special abilities


You were on level 2 of the Dungeon.
You visited 1 branch of the dungeon, and saw 2 of its levels.

You collected 48 gold pieces.


Innate Abilities, Weirdness & Mutations

You are immune to sickness and miasma.
Your stone body is resilient. (AC +2)
You are immune to poison.
You resist negative energy. (rN+)
You are resistant to electric shocks. (rElec)
You are resistant to unholy torment.
You are immune to petrification.


   Skills:
 - Level 3.2 Fighting
 + Level 3.0 Axes
 - Level 3.2 Armour
 - Level 3.2 Shields


You had one spell level left.
You didn't know any spells.
Your spell library was empty.

Inventory:

Hand Weapons
 h - a +0 whip
 Y - a +0 war axe (weapon)
Armour
 c - a +0 buckler (worn)
 i - a +0 plate armour (worn)
Potions
 d - a potion of might
 f - a potion of cancellation {unknown}
 g - a potion of curing {unknown}

Dungeon Overview and Level Annotations

Branches:
Dungeon (2/15)

Altars:
Ru

Shops:
D:1 (


Message History

The orc shouts!
You're too confused to move!
You hear a bark!
Something hits you but does no damage.
You bump into the rock wall.
The orc wizard casts a spell at you.
The orc wizard hits you but does no damage.
Something hits you.
The orc wizard hits you but does no damage.
Something hits you but does no damage.
The orc wizard hits you but does no damage.
You're too confused to move!
The orc wizard closely misses you. The orc hits you but does no damage.
The orc wizard hits you with a +0 dagger.
Something hits you but does no damage.
A jackal comes into view.
You barely miss the orc wizard.
The jackal barks!
You hit the orc wizard but do no damage.
You barely miss something. You closely miss the orc.
The orc wizard casts a spell at you. The puff of flame hits you.
You hear some strange, mumbled words.
You are more confused.
The orc wizard mumbles some strange words.
The orc wizard flickers and vanishes!
The orc hits you but does no damage.
You hit the orc wizard.
The orc wizard is lightly wounded.
You miss something. You closely miss something. You closely miss the orc.
The orc wizard hits you with a +1 dagger of holy wrath.
The orc hits you with a +0 club. Something hits you.
Something hits you but does no damage.
You closely miss the orc. You closely miss something.
You barely miss the orc wizard. You miss something.
The orc wizard hits you but does no damage.
The orc hits you but does no damage.
Something hits you but does no damage. x2
The orc wizard casts a spell at you. The puff of flame hits you!
Ouch! That really hurt!
You die...

#.# #.# #.## ...#
#..# # #hh# #h #oo#
#.# #@{# #.# #{.#
### #.####..#######
..# ##............#
#.###..#.#).#####[#
#.#..###...#
#..##.#.##.#
#<####.###.# #.#
#.# #.#


You could see an orc wizard, an orc and 2 jackals.

Vanquished Creatures
  An orc (D:2)
  A ball python (D:1)
  2 endoplasms (D:1)
  2 giant cockroaches (D:1)
  A hobgoblin (D:1)
  3 jackals
  A kobold (D:1)
  4 bats (D:1)
  A frilled lizard (D:1)
  2 goblins (D:1)
  A rat (D:1)
19 creatures vanquished.

Notes
Turn   | Place    | Note
-------+----------+-------------------------------------------
     0 | D:1      | qw the Gargoyle Fighter began the quest for the Orb.
     0 | D:1      | Reached XP level 1. HP: 14/14 MP: 1/1
     0 | D:1      | 0 ||| qw: Version: 0.1-a-119-g272c26d
     0 | D:1      | 0 ||| qw: Game counter: 10824
     0 | D:1      | 0 ||| qw: Always use a shield: true
     0 | D:1      | 0 ||| qw: God list: Okawaru
     0 | D:1      | 0 ||| qw: Allow faded altars: false
     0 | D:1      | 0 ||| qw: Do Orc after D:15 true
     0 | D:1      | 0 ||| qw: Do second Lair branch before Depths: true
     0 | D:1      | 0 ||| qw: Lair rune preference: random
     0 | D:1      | 0 ||| qw: Plans: Normal, Zot, God:TSO, Crypt, Tomb, Pan,
                  | Slime, Hells, Zig, Abyss, Orb
     0 | D:1      | 0 ||| PLANNING D:1-11
    35 | D:1      | 35 ||| Stepping ~*~*~tactically~*~*~ (stealth).
    38 | D:1      | 38 ||| Stepping ~*~*~tactically~*~*~ (stealth).
   107 | D:1      | Found Pipics's Antique Weapon Emporium.
   109 | D:1      | Found a faded altar of an unknown god.
   119 | D:1      | 119 ||| SHOPLISTING mace (57 gold, have 0).
   128 | D:1      | Reached XP level 2. HP: 19/19 MP: 2/2
   550 | D:1      | You fall into a shaft and drop 1 floor!
   550 | D:2      | Found a sacrificial altar of Ru.
   563 | D:2      | 563 ||| UPGRADING to +0 plate armour.
   573 | D:2      | 573 ||| DROPPING +0 scale mail.
   574 | D:2      | 574 ||| READING scroll labelled ARATRAYSUN.
   575 | D:2      | 575 ||| READING scroll labelled VARCHAT AJIS.
   717 | D:2      | 717 ||| Stepping ~*~*~tactically~*~*~ (stealth).
   720 | D:2      | Reached skill level 3 in Axes
   742 | D:2      | Killed from afar by an orc wizard

Levels and vault maps discovered:
D:1:      minmay_arrival_four_circles, layout_rooms, serial_shops,
          nicolae_shop_window_shopping, hellmonk_ecumenical_altar_dog_temple
D:2:      layout_loops_ring, basic_altar

Skill      XL: |  1  2 |
---------------+-------+-----
Axes           | 2 3 |  3.0
Fighting       | |  3.2
Armour         | |  3.2
Shields        | |  3.2

Action                   || total
-------------------------++-------
Melee: War axe           ||    42
  Use: Scroll            ||     2
Armor: Scale mail        ||    15
       Plate armour      ||    16
Dodge: Dodged            ||    16
Block: Buckler           ||     8

Table legend:
 A = Non-vault XP
 B = Vault XP
 C = Vault XP percentage of total XP
 D = Non-vault monster count
 E = Vault monster count
 F = Vault count percentage of total count
                 A         B        C        D         E       F
            +---------+---------+-------+---------+---------+-------
      Total |      29 |       4 |  12.1 |      17 |       2 |  10.5
            +---------+---------+-------+---------+---------+-------
        D:1 |      24 |       4 |  14.3 |      15 |       2 |  11.8
        D:2 |       5 |       0 |   0.0 |       2 |       0 |   0.0
            +---------+---------+-------+---------+---------+-------
